 Dungeon Crawl Stone Soup version 0.29-a0-824-gd827844252 (webtiles) character file.

Game seed: 17632616956615729214

153 jimonade the Sneak (level 5, -1/37 HPs)
             Began as a Gnoll Enchanter on July 10, 2022.
             Succumbed to a gnoll bouda's poison
             ... on level 3 of the Dungeon on July 11, 2022.
             The game lasted 00:10:21 (3035 turns).

jimonade the Sneak (Gnoll Enchanter)                Turns: 3035, Time: 00:10:21

Health: -1/37      AC:  3    Str: 10    XL:     5   Next: 35%
Magic:  15/21      EV: 13    Int: 14    God:
Gold:   137        SH:  0    Dex: 15    Spells: 3/14 levels left

rFire   . . .      SeeInvis .   D - +3 short sword of Arinn {flame, rC+ MP+9 Dex+3}
rCold   + . .      Faith    .   (no shield)
rNeg    . . .      Spirit   .   g - +0 leather armour
rPois   .          Reflect  .   (no helmet)
rElec   .          Harm     .   d - scarf {repulsion}
rCorr   .          Rampage  .   (no gloves)
Will    .....                   (no boots)
Stlth   +++.......              (no amulet)
HPRegen 0.12/turn               (no ring)
MPRegen 0.17/turn               (no ring)

@: lethally poisoned (-1 -> -10), weakened, very slightly contaminated, repel
missiles
A: fangs 1, strong nose, distributed training
a: no special abilities


You were on level 3 of the Dungeon.
You visited 1 branch of the dungeon, and saw 3 of its levels.

You collected 137 gold pieces.

Inventory:

Hand Weapons
 a - a +1 dagger
 b - a +0 sling
 D - the +3 short sword of Arinn (weapon) {flame, rC+ MP+9 Dex+3}
   (You found it on level 2 of the Dungeon)

   It burns those it strikes, dealing additional fire damage.
   Dex:       It affects your dexterity (+3).
   rC:        It protects you from cold.
   MP:        It affects your magic capacity (+9).
Missiles
 i - 6 poisoned darts (quivered)
 j - 21 stones
 B - 5 javelins
Armour
 d - a scarf of repulsion (worn)
 g - a +0 leather armour (worn)
 k - a +0 robe
 E - a +0 cloak
 F - the +0 kite shield "Xiemag" {rF++ rC+++ Int-5 SInv}
   (You found it on level 3 of the Dungeon)

   Int:       It affects your intelligence (-5).
   rF:        It greatly protects you from fire.
   rC:        It renders you almost immune to cold.
   SInv:      It lets you see invisible.
Scrolls
 f - a scroll of noise {unknown}
 h - 4 scrolls of identify {unknown}
 l - a scroll of enchant armour {unknown}
 o - 2 scrolls of torment {unknown}
 p - 2 scrolls of vulnerability {unknown}
 r - a scroll of amnesia {unknown}
 s - 2 scrolls of fog {unknown}
 t - a scroll of poison {unknown}
 w - a scroll of magic mapping {unknown}
 y - a scroll of silence {unknown}
 C - a scroll of blinking {unknown}
 G - a scroll of immolation {unknown}
 I - a scroll of brand weapon {unknown}
 J - a scroll of teleportation {unknown}
Potions
 c - 2 potions of invisibility
 e - a potion of heal wounds {unknown}
 m - 3 potions of curing {unknown}
 n - a potion of degeneration {unknown}
 q - 2 potions of flight {unknown}
 u - a potion of lignification {unknown}
 v - 2 potions of brilliance {unknown}
 x - a potion of haste {unknown}
 z - a potion of cancellation {unknown}
 A - a potion of might {unknown}
 H - a potion of attraction {unknown}


   Skills:
 + Level 1.5 Fighting
 + Level 3.0 Short Blades
 + Level 1.5 Long Blades
 + Level 1.5 Axes
 + Level 1.5 Maces & Flails
 + Level 1.5 Polearms
 + Level 1.5 Staves
 + Level 1.5 Ranged Weapons
 + Level 1.5 Throwing
 + Level 1.5 Armour
 + Level 4.8 Dodging
 + Level 6.1 Stealth
 + Level 1.5 Shields
 + Level 1.5 Unarmed Combat
 + Level 5.2 Spellcasting
 + Level 1.2 Conjurations
 + Level 5.5 Hexes
 + Level 1.2 Summonings
 + Level 1.2 Necromancy
 + Level 1.2 Translocations
 + Level 1.2 Transmutations
 + Level 1.2 Fire Magic
 + Level 1.2 Ice Magic
 + Level 1.2 Air Magic
 + Level 1.2 Earth Magic
 + Level 1.2 Poison Magic
 + Level 1.7 Invocations
 + Level 1.5 Evocations


You had 3 spell levels left.
You knew the following spells:

 Your Spells              Type           Power      Damage    Failure   Level
a - Ensorcelled Hibernat  Hex/Ice        26%        N/A       9%          2
b - Confusing Touch       Hex            19%        N/A       7%          3
c - Tukima's Dance        Hex            19%        N/A       7%          3
d - Dazzling Flash        Conj/Hex       26%        N/A       17%         3

Your spell library contained the following spells:

 Spells                   Type           Power      Damage    Failure   Level
 Passwall                 Tmut/Erth      5%         N/A       21%         2
 Swiftness                Air            7%         N/A       38%         3


Dungeon Overview and Level Annotations

Branches:
Dungeon (3/15)

Altars:
Qazlal


Innate Abilities, Weirdness & Mutations

You have very sharp teeth.
Your uncanny sense of smell can sniff out nearby items.
Your experience applies equally to all skills.


Message History

The gnolls pick up the pace!
The gnoll barely misses you.
Casting: Ensorcelled Hibernation (safe; 9% risk of failure)
Confirm with . or Enter, or press ? or * to list all spells.
Aiming: Ensorcelled Hibernation (safe; 9% risk of failure)
Press: ? - help, Shift-Dir - straight line, f/p - gnoll bouda
Aim: a gnoll bouda, wielding a +1 whip of venom and wearing a +0 leather armour (lightly wounded, not susceptible)
The gnoll bouda is unaffected.
The gnoll misses you. The gnoll bouda barely misses you.
The gnoll barely misses you.
Unknown command.
Casting: Ensorcelled Hibernation (safe; 9% risk of failure)
Confirm with . or Enter, or press ? or * to list all spells.
Aiming: Ensorcelled Hibernation (safe; 9% risk of failure)
Press: ? - help, Shift-Dir - straight line, f/p - gnoll bouda
Aim: a gnoll bouda, wielding a +1 whip of venom and wearing a +0 leather armour (lightly wounded, not susceptible)
You miscast Ensorcelled Hibernation.
You are very lightly contaminated with residual magic.
Nothing appears to happen.
The gnoll misses you.
The gnoll bouda hits you with a +1 whip of venom.
You are poisoned.
The gnoll barely misses you.
The gnoll hits you from afar with a +0 spear.
The gnoll bouda attacks as you move away!
The gnoll bouda closely misses you.
Your attacks no longer feel as feeble.
You feel very sick.
The gnoll bouda gazes fiercely through you!
You feel your attacks grow feeble.
You feel sick.
The gnoll bouda attacks as you move away!
The gnoll bouda hits you with a +1 whip of venom!
* * * LOW HITPOINT WARNING * * *
You are lethally poisoned!
* * * LOW HITPOINT WARNING * * *
You feel very sick.
* * * LOW HITPOINT WARNING * * *
You feel very sick.
The gnoll bouda gazes fiercely through you!
You feel as though you will be weak longer.
You die...

#..>.....##
#.g......#
###g####.+ #g# #.#
#.# ..# #g# ...# #
#g###....# ##
#.......8.# ##.
###@###......#####..
#....###...°........
#...................
#....#####.....#####
#....# #######
#....# ####.# #.#
#.#


You could see a gnoll bouda and 4 gnolls.

Vanquished Creatures
  2 orc wizards (D:3)
  3 adders
  A worm (D:2)
  A dart slug (D:1)
  2 orcs (D:3)
  5 ball pythons
  9 bats
  9 endoplasms
  3 giant cockroaches
  4 goblins
  5 hobgoblins
  6 jackals (D:2)
  2 kobolds
  2 quokkas (D:2)
  5 frilled lizards
  6 rats
65 creatures vanquished.

Notes
Turn   | Place    | Note
-------+----------+-------------------------------------------
     0 | D:1      | jimonade the Gnoll Enchanter began the quest for the Orb.
     0 | D:1      | Reached XP level 1. HP: 13/13 MP: 6/6
   194 | D:1      | Reached XP level 2. HP: 12/19 MP: 7/7
  1017 | D:2      | Reached skill level 5 in Spellcasting
  1017 | D:2      | Reached XP level 3. HP: 20/25 MP: 7/9
  1020 | D:2      | Learned a level 2 spell: Ensorcelled Hibernation
  1024 | D:2      | Learned a level 3 spell: Confusing Touch
  1028 | D:2      | Learned a level 3 spell: Tukima's Dance
  1032 | D:2      | Learned a level 3 spell: Dazzling Flash
  1215 | D:2      | Reached skill level 6 in Stealth
  1350 | D:2      | Reached skill level 1 in Invocations
  1436 | D:2      | Identified the +3 short sword of Arinn {flame, rC+ MP+9
                  | Dex+3}
  1464 | D:2      | Reached skill level 1 in Fighting
  1464 | D:2      | Reached skill level 1 in Long Blades
  1464 | D:2      | Reached skill level 1 in Axes
  1464 | D:2      | Reached skill level 1 in Maces & Flails
  1464 | D:2      | Reached skill level 1 in Polearms
  1464 | D:2      | Reached skill level 1 in Staves
  1464 | D:2      | Reached skill level 1 in Ranged Weapons
  1464 | D:2      | Reached skill level 1 in Throwing
  1464 | D:2      | Reached skill level 1 in Armour
  1464 | D:2      | Reached skill level 1 in Shields
  1464 | D:2      | Reached skill level 1 in Unarmed Combat
  1464 | D:2      | Reached skill level 1 in Evocations
  1662 | D:2      | Reached XP level 4. HP: 32/32 MP: 11/11
  2046 | D:3      | Reached skill level 1 in Conjurations
  2046 | D:3      | Reached skill level 1 in Summonings
  2046 | D:3      | Reached skill level 1 in Necromancy
  2046 | D:3      | Reached skill level 1 in Translocations
  2046 | D:3      | Reached skill level 1 in Transmutations
  2046 | D:3      | Reached skill level 1 in Fire Magic
  2046 | D:3      | Reached skill level 1 in Ice Magic
  2046 | D:3      | Reached skill level 1 in Air Magic
  2046 | D:3      | Reached skill level 1 in Earth Magic
  2046 | D:3      | Reached skill level 1 in Poison Magic
  2178 | D:3      | Identified the +0 kite shield "Xiemag" {rF++ rC+++ Int-5
                  | SInv}
  2236 | D:3      | Reached XP level 5. HP: 16/37 MP: 12/12
  2955 | D:3      | Found a stormy altar of Qazlal.
  3034 | D:3      | HP: 1/37 [poisoned by a gnoll bouda]
  3035 | D:3      | Succumbed to a gnoll bouda's poison

Illustrated notes

Levels and vault maps discovered:
D:1:      dpeg_arrival_shrine, layout_basic, minmay_misc_feat_square
D:2:      layout_rooms, minmay_heptomino_d4
D:3:      layout_basic, nicolae_qazlal_scattered_showers,
          nicolae_overflow_ecumenical_swirl

Skill      XL: |  1  2  3  4 |
---------------+-------------+-----
Spellcasting   | 5 |  5.2
Stealth        | 6 |  6.1
Invocations    | 1 |  1.7
Fighting       | 1 |  1.5
Long Blades    | 1 |  1.5
Axes           | 1 |  1.5
Maces & Flails | 1 |  1.5
Polearms       | 1 |  1.5
Staves         | 1 |  1.5
Ranged Weapons | 1 |  1.5
Throwing       | 1 |  1.5
Armour         | 1 |  1.5
Shields        | 1 |  1.5
Unarmed Combat | 1 |  1.5
Evocations     | 1 |  1.5
Conjurations   | 1 |  1.2
Summonings     | 1 |  1.2
Necromancy     | 1 |  1.2
Translocations | 1 |  1.2
Transmutations | 1 |  1.2
Fire Magic     | 1 |  1.2
Ice Magic      | 1 |  1.2
Air Magic      | 1 |  1.2
Earth Magic    | 1 |  1.2
Poison Magic   | 1 |  1.2
Short Blades   | 3 |  3.0
Dodging        | |  4.8
Hexes          | |  5.5

Action                   |  1- 3 |  4- 6 || total
-------------------------+-------+-------++-------
Melee: Dagger            |   126 |    14 ||   140
       Bite              |    10 |     7 ||    17
       Punch             |     1 |       ||     1
       Short sword       |       |    54 ||    54
 Cast: Ensorcelled Hiber |     6 |    12 ||    18
 Stab: Sleeping          |    18 |    11 ||    29
Armor: Leather armour    |    35 |    17 ||    52
Dodge: Dodged            |    63 |    47 ||   110
       Repelled          |       |     2 ||     2

Table legend: (Time is in decaauts)
 A = Elapsed time spent in this place.
 B = Non-inter-level travel time spent in this place.
 C = Inter-level travel time spent in this place.
 D = Time resting spent in this place.
 E = Time spent auto-exploring this place.
 F = Levels seen in this place.
 G = Mean time per level.
                   A        B        C        D        E       F      G
               +--------+--------+--------+--------+--------+-----+--------+
         Total |   3014 |   2913 |    101 |    906 |   1001 |   3 | 1004.7 |
       Dungeon |   3014 |   2913 |    101 |    906 |   1001 |   3 | 1004.7 |
               +--------+--------+--------+--------+--------+-----+--------+

Top non-repeatable levels by time:
     D:2: 1459 daAuts
     D:1: 959 daAuts
     D:3: 595 daAuts
